Map: Prion Terraces

Players

Filouxx - Winner!

  • Race: Zerg Zerg
  • League: Silver

capac

  • Race: Terran Terran
  • League: Gold

VOD

Have the link to the VOD?

Description

Time

  • Played on: Dec. 1, 2015, 7 a.m.
  • Length: 15:23
Show
View Real Time Build Order
Export as new Build Order

Filouxx Zerg - Winner!

Build Orders: Hatch First, Muta Ling Bane 

Get SALT Encoding   

  12  0:01  Drone  
  13  0:11  Drone  
  14  0:18  Extractor  
  14  0:20  Drone  
  14  0:21  Extractor  
  13  0:22  Drone  
  13  0:28  Overlord  
  16  0:47  Drone  
  17  0:54  Hatchery  
  16  0:58  Drone  
  17  1:11  Extractor, Drone  
  17  1:20  Spawning Pool  
  17  1:24  Drone  
  17  1:26  Drone  
  18  1:35  Drone  
  19  1:47  Overlord  
  19  1:55  Drone  
  20  2:03  Drone  
  21  2:11  Zergling x4  
  21  2:12  Queen x2  
  27  2:18  Metabolic Boost  
  27  2:24  Spine Crawler  
  26  2:33  Drone x3  
  26  2:34  Drone  
  29  3:09  Zergling x2  
  29  3:10  Zergling x10  
  35  3:28  Overlord x2  
  35  3:30  Hatchery  
  34  3:36  Extractor  
  34  3:38  Extractor  
  32  3:52  Drone  
  32  3:53  Drone x5  
  32  4:18  Drone x4  
  32  4:19  Drone x2  
  38  4:24  Roach Warren  
  38  4:28  Lair  
  38  4:29  Baneling Nest  
  36  4:45  Drone x6  
  38  4:46  Drone x2  
  38  4:48  Queen  
  46  4:56  Drone  
  46  4:57  Drone x3  
  50  5:03  Evolution Chamber  
  50  5:05  Evolution Chamber  
  50  5:14  Roach x4  
  50  5:19  Overlord x2  
  56  5:31  Spore Crawler  
  56  5:33  Spore Crawler  
  56  5:35  Spore Crawler  
  53  5:36  Drone  
  53  5:38  Drone  
  53  5:40  Drone  
  56  5:46  Zerg Missile Weapons Level 1, Zerg Ground Armor Level 1  
  56  5:48  Centrifical Hooks  
  56  5:53  Overlord x2  
  56  5:56  Drone x4  
  60  5:58  Drone  
  60  6:03  Extractor  
  61  6:04  Drone x2  
  61  6:05  Extractor, Drone x2  
  63  6:12  Baneling x2  
  63  6:13  Baneling  
  63  6:18  Drone x2  
  65  6:21  Drone x2  
  65  6:22  Drone x4  
  65  6:24  Drone x3  
  74  6:27  Extractor, Drone  
  74  6:36  Drone  
  74  6:37  Drone x2  
  77  6:43  Overlord  
  77  6:44  Overlord x2  
  77  6:46  Glial Reconstitution  
  77  6:51  Roach x2  
  81  7:03  Overseer  
  81  7:22  Zergling x2  
  82  7:23  Zergling x24  
  94  7:39  Spire  
  94  7:40  Drone  
  94  7:41  Drone  
  95  7:45  Hatchery  
  95  7:46  Overlord x3  
  94  7:53  Baneling  
  94  7:54  Baneling  
  94  7:55  Baneling x15  
  94  7:56  Baneling x2  
  94  7:57  Baneling  
  94  8:03  Zerg Melee Weapons Level 1  
  94  8:04  Zerg Ground Armor Level 2  
  94  8:24  Roach  
  94  8:25  Roach x5  
  94  8:26  Zergling x26  
  119  8:44  Overlord x3  
  119  8:45  Overlord  
  97  9:09  Mutalisk  
  96  9:10  Mutalisk x14  
  96  9:15  Queen  
  128  9:37  Roach  
  128  9:38  Zergling x14, Roach  
  133  9:39  Zergling x10  
  144  9:58  Extractor  
  144  9:59  Extractor  
  142  10:00  Overlord x3  
  142  10:07  Baneling x5  
  142  10:08  Baneling x9  
  142  10:11  Zergling x2  
  142  10:12  Zergling x22  
  152  10:45  Roach x2  
  152  10:46  Zergling x2, Roach x2  
  152  10:47  Zergling x16  
  169  10:50  Baneling  
  169  10:51  Baneling x8  
  169  10:57  Zerg Melee Weapons Level 2  
  169  10:59  Zerg Flyer Weapons Level 1  
  169  11:03  Drone x4  
  169  11:04  Infestation Pit, Drone x2  
  172  11:05  Drone x2  
  172  11:06  Drone  
  177  11:15  Hatchery  
  176  11:29  Extractor x2  
  172  12:06  Zergling x26  
  172  12:07  Zergling x10  
  182  12:26  Overlord x4  
  182  12:30  Hive  
  182  12:43  Queen  
  184  12:52  Baneling  
  184  12:53  Baneling  
  184  12:54  Baneling x14  
  184  12:57  Mutalisk  
  184  12:58  Mutalisk x7  
  193  13:57  Extractor  
  193  14:00  Hatchery  
  190  14:05  Extractor  
  159  14:18  Mutalisk x9  
  159  14:20  Zergling x12  
  159  14:21  Zergling x32  
  199  14:27  Baneling x12  
  199  14:28  Baneling x4  
Show
View Real Time Build Order
Export as new Build Order

capac Terran 

Build Orders: MMM Bio 

Get SALT Encoding   

  12  0:01  SCV  
  13  0:13  SCV  
  14  0:18  Supply Depot  
  14  0:24  Supply Depot  
  14  0:27  SCV  
  15  0:45  SCV  
  15  0:46  Refinery  
  15  0:47  Barracks  
  16  0:58  SCV  
  17  1:10  SCV  
  18  1:22  SCV  
  19  1:34  SCV  
  19  1:35  Reaper  
  21  1:41  Command Center  
  21  1:46  SCV  
  22  1:52  Supply Depot  
  23  2:02  Orbital Command  
  22  2:14  Barracks Reactor  
  22  2:29  Factory  
  22  2:31  Barracks, SCV  
  23  2:44  SCV  
  24  3:00  SCV  
  24  3:02  Marine x2  
  27  3:05  Bunker  
  27  3:14  Factory Tech Lab  
  27  3:16  Barracks  
  27  3:18  Orbital Command  
  27  3:24  Marine x2  
  29  3:28  Barracks Tech Lab  
  29  3:34  Engineering Bay  
  29  3:37  Refinery, Engineering Bay  
  29  3:45  SCV  
  29  3:46  Marine x2  
  32  3:50  Siege Tank  
  32  3:55  Supply Depot  
  28  4:14  SCV  
  28  4:15  SCV  
  30  4:20  Bunker  
  30  4:25  Marine x2  
  30  4:27  Marauder  
  30  4:28  Stimpack  
  34  4:32  Barracks Reactor  
  34  4:53  Marine x2  
  36  5:02  SCV x2  
  38  5:10  Marine x2  
  38  5:11  Marauder  
  42  5:14  Siege Tank  
  42  5:20  Supply Depot  
  42  5:21  SCV x2  
  47  5:23  Refinery  
  47  5:24  Refinery  
  47  5:33  Marine x3, SCV  
  47  5:34  Starport, Marine  
  52  5:39  Marauder  
  52  5:41  SCV  
  55  5:45  SCV  
  56  5:53  SCV  
  57  5:57  SCV  
  57  5:59  Terran Infantry Weapons Level 1  
  57  6:02  Terran Infantry Armor Level 1  
  58  6:06  SCV  
  58  6:09  SCV  
  60  6:19  Supply Depot  
  60  6:21  Marine x2  
  62  6:27  Marine x3  
  62  6:28  Siege Tank  
  62  6:30  Supply Depot  
  68  6:33  SCV x2  
  70  6:41  Starport Reactor, Marine x2  
  70  6:45  Marine x2  
  70  6:46  Supply Depot  
  74  6:48  SCV x2  
  76  7:05  SCV x2  
  76  7:06  Barracks  
  76  7:07  Barracks  
  78  7:09  Barracks  
  78  7:15  Marine x2  
  78  7:16  Marine x2  
  78  7:17  Marauder, SCV  
  78  7:18  Armory  
  78  7:20  Medivac x2  
  89  7:31  Siege Tank  
  92  7:55  Missile Turret, Combat Shields  
  92  7:57  Barracks Reactor, Missile Turret  
  92  7:58  Barracks Tech Lab, Barracks Reactor  
  92  8:01  SCV  
  92  8:02  SCV  
  94  8:12  Supply Depot, Marine x4  
  94  8:13  Marauder  
  100  8:23  SCV x2  
  102  8:34  Marauder  
  102  8:35  Marine x4  
  102  8:36  Marauder, Marine x2  
  102  8:37  Marine  
  102  8:38  Marine  
  102  8:41  Medivac x2  
  89  9:08  Marine x2  
  89  9:09  Marine x5  
  86  9:10  Marauder x2  
  86  9:11  Siege Tank  
  93  9:30  SCV x2  
  93  9:31  Marauder, Marine x4  
  95  9:32  Marine x3  
  104  9:41  Missile Turret  
  104  9:42  SCV  
  97  9:50  Missile Turret  
  97  9:53  Missile Turret  
  97  9:57  Missile Turret  
  97  9:58  Medivac  
  97  9:59  Medivac  
  101  10:15  Missile Turret  
  101  10:19  Command Center  
  91  10:45  Marine x5  
  91  10:46  Marine x3  
  99  10:52  Missile Turret  
  99  11:14  Marine x3  
  99  11:15  Marine x2  
  99  11:17  Command Center  
  104  11:19  Medivac x2  
  108  11:31  Refinery  
  94  11:59  Medivac  
  94  12:01  Medivac  
  89  12:18  Marine x4  
  89  12:21  Planetary Fortress  
  93  12:26  Liberator x2  
  93  12:29  Marine x2  
  95  12:35  Armory  
  95  12:37  Marine x4  
  105  12:56  Marine  
  105  12:57  Marine x2  
  108  13:03  Supply Depot  
  108  13:04  Supply Depot  
  108  13:05  Supply Depot  
  108  13:14  Marine x5  
  90  13:28  Marine x2  
  90  13:29  Marine x2  
  90  13:30  Marauder  
  76  13:40  Bunker  
  76  13:41  Bunker x2  
  76  13:51  Marine x4  
  80  13:58  SCV x2  
  53  14:15  Marine  
  53  14:16  Marine x6  
  49  14:29  Marine x3  
  52  14:33  Marine  
  52  14:34  Marine x6  
  59  14:45  Missile Turret  
  61  14:53  Marauder x2, Marine x2  
  61  14:54  Marine x5  
  61  14:55  Marine  
Tags
 
Add a new tag
Caveats
  • Supply blocks, unpowered buildings, or Contaminate may cause inaccurate times.
  • Supply counts are checked every 10 seconds.